AoeStats
← enkeladon

Arena

508914052Analyzed
4v4 RM · 8d ago on Sep 24, 2026· 47m 41s· 8 players
Game mode
Random Map
Map size
Large (8 player)
Population
200
Speed
Normal
Resources
Standard
Victory
Conquest
Starting age
Dark Age
Ending age
Imperial Age
RankedLock teamsTeams togetherTeam positionsShared explorationLock speedFull tech treeHidden civsTurbo modeCheats
Victory
Defeat
🇮🇩 Danes · Indonesia
923
+13
🇦🇷 Koreans · Argentina
912
+23
🇨🇳 Huns · China
865
+15
🇨🇳 Slavs · China
856
+15
🇹🇷 Britons · Türkiye
891
-16
🇺🇸 Teutons · United States
851
-14
821
-13
🇬🇧 Spanish · United Kingdom
812
-13
xxyvonnederful
10:57 Feudal Age
12:38 Horse Collar
13:10 Double-Bit Axe
15:28 Castle Age
16:28 Heavy Plow
16:42 Bow Saw
20:29 Wheelbarrow
22:29 Gold Mining
22:30 Stone Mining
24:17 Hand Cart
24:44 Scale Barding Armor
24:50 Forging
25:33 Bloodlines
25:50 Chain Barding Armor
26:45 Stone Shaft Mining
29:52 Imperial Age
27:09 Loom
27:10 Town Watch
28:16 Iron Casting
30:04 Fortified Wall
29:56 Cavalier
31:00 Conscription
32:13 Hoardings
31:01 Paladin
33:58 Plate Barding Armor
34:49 Blast Furnace
Louis Theroux
11:25 Feudal Age
15:30 Castle Age
13:25 Double-Bit Axe
13:22 Horse Collar
16:52 Loom
25:26 Wheelbarrow
24:36 Town Watch
27:03 Caravan
29:45 Fletching
30:49 Bodkin Arrow
34:39 Imperial Age
32:24 Hand Cart
33:22 Padded Archer Armor
37:19 Elite Skirmisher
38:05 Thumb Ring
40:51 Conscription
40:51 Bracer
40:20 Light Cavalry
41:11 Bloodlines
41:01 Husbandry
42:12 Chemistry
41:33 Ballistics
41:11 Gold Mining
41:11 Stone Mining
41:24 Town Patrol
41:41 Leather Archer Armor
41:36 Forging
41:32 Scale Barding Armor
41:28 Scale Mail Armor
42:46 Stone Shaft Mining
42:30 Bow Saw
42:10 Hussar
43:11 Pikeman
45:03 Iron Casting
44:48 Chain Barding Armor
44:59 Ring Archer Armor
enkeladon
11:23 Feudal Age
16:37 Castle Age
19:17 Double-Bit Axe
22:50 Horse Collar
23:23 Bow Saw
23:07 Stone Mining
23:09 Gold Mining
27:48 Gold Shaft Mining
27:18 Heavy Plow
28:47 Padded Archer Armor
28:58 Forging
29:12 Ballistics
30:39 Iron Casting
30:20 Leather Archer Armor
29:37 Pikeman
30:19 Squires
35:02 Imperial Age
34:47 Yeomen
36:49 Chemistry
36:54 Blast Furnace
35:47 Halberdier
37:17 Wheelbarrow
38:41 Two-Man Saw
41:06 Hand Cart
40:48 Elite Longbowman
42:15 Conscription
42:09 Elite Longbowman
Leléu Antônio da Anunciação
11:01 Feudal Age
11:50 Double-Bit Axe
13:56 Wheelbarrow
16:29 Horse Collar
18:51 Man-at-Arms
24:32 Castle Age
34:18 Hand Cart
36:10 Bow Saw
36:14 Caravan
39:54 Gold Mining
41:15 Heavy Plow
44:42 Imperial Age
45:32 Arquebus
Aldous Barbarossa
5:04 Loom
9:00 Loom
10:46 Feudal Age
15:38 Castle Age
16:37 Wheelbarrow
16:53 Double-Bit Axe
16:51 Horse Collar
21:34 Town Watch
22:12 Bow Saw
23:09 Gold Mining
23:31 Heavy Plow
23:16 Elite Skirmisher
24:02 Thumb Ring
23:20 Crossbowman
26:00 Fletching
27:07 Stone Mining
27:54 Gold Shaft Mining
31:37 Imperial Age
29:48 Bodkin Arrow
29:54 Scale Mail Armor
30:05 Forging
30:22 Ballistics
30:13 Fortified Wall
31:22 Pikeman
32:02 Squires
31:48 Arson
33:48 Two-Man Saw
33:24 Arbalester
34:13 Bracer
34:29 Chain Mail Armor
36:56 Elite War Wagon
37:57 Conscription
37:45 Halberdier
40:50 Chemistry
39:46 Murder Holes
41:56 Plate Mail Armor
42:02 Iron Casting
44:14 Scale Barding Armor
45:32 Chain Barding Armor
alvu7373
12:12 Feudal Age
16:39 Castle Age
18:06 Double-Bit Axe
18:08 Horse Collar
23:22 Gold Mining
24:55 Heavy Plow
26:32 Gold Shaft Mining
28:03 Forging
28:50 Marauders
29:27 Iron Casting
28:58 Scale Barding Armor
29:50 Bloodlines
29:40 Husbandry
32:26 Imperial Age
30:10 Bow Saw
32:21 Chain Barding Armor
34:07 Blast Furnace
33:41 Conscription
34:23 Elite Tarkan
35:52 Wheelbarrow
45:30 Plate Barding Armor
JoelReagan
0:26 Loom
13:37 Feudal Age
14:35 Horse Collar
14:41 Double-Bit Axe
16:35 Gold Mining
17:39 Stone Mining
21:46 Castle Age
20:24 Man-at-Arms
23:41 Fletching
24:24 Elite Skirmisher
27:45 Wheelbarrow
27:33 Heavy Plow
28:15 Bow Saw
30:07 Scale Barding Armor
30:14 Forging
30:00 Bodkin Arrow
30:05 Padded Archer Armor
30:11 Squires
31:09 Gold Shaft Mining
32:46 Hand Cart
34:10 Padded Archer Armor
34:32 Chain Barding Armor
34:47 Iron Casting
35:34 Leather Archer Armor
42:43 Imperial Age
42:19 Caravan
43:07 Husbandry
43:17 Bloodlines
47:09 Imperial Age
47:40 Elite Boyar
ddmgsxis89228
10:52 Feudal Age
18:19 Castle Age
16:38 Stone Mining
17:32 Double-Bit Axe
20:10 Arson
22:17 Man-at-Arms
23:49 Long Swordsman
31:16 Imperial Age
39:32 Wheelbarrow
38:42 Town Watch
40:50 Hand Cart
41:07 Gold Mining
41:53 Stone Shaft Mining
41:40 Bow Saw
42:50 Horse Collar
43:31 Heavy Plow
45:17 Forging
45:08 Scale Mail Armor
45:44 Gambesons
46:00 Squires
46:36 Elite Jomsviking
46:39 Hamask
47:58 Iron Casting
47:39 Chain Mail Armor
Connection lost

Rejoining the realm…

Still unreachable

The connection could not be restored.

Session expired

The server has moved on; the page needs a fresh start.